 Dungeon Crawl Stone Soup version 0.31-a0-1570-g93c622d222 (webtiles) character file.

Game seed: 5889057387929393383

730 jasper the Changeling (level 7, 0/52 HPs)
             Began as a Demonspawn Cinder Acolyte on Jan 3, 2024.
             Was a High Priest of Ignis.
             Killed by divine providence
             ... invoked by an orc priest
              (11 damage)
             ... on level 5 of the Dungeon.
             The game lasted 00:04:54 (2483 turns).

jasper the Changeling (Demonspawn Cinder Acolyte)   Turns: 2483, Time: 00:04:55

Health: 0/52       AC:  7    Str: 17    XL:     7   Next: 44%
Magic:  8/8        EV:  6    Int: 14    God:    Ignis [*****.]
Gold:   145        SH:  9    Dex:  8    Spells: 8/8 levels left

rFire   + .          .
                       - Unarmed
rCold   . . .        h - +0 tower shield
rNeg    . . .        g - +0 ring mail
rPois   .            (no helmet)
rElec   .            (no cloak)
rCorr   +            (no gloves)
SInv    .            (no boots)
Will    .....        (no amulet) Stlth
                     r - ring of resist corrosion
HPRegen 0.28/turn    (no ring)
MPRegen 0.11/turn

%: no passive effects
@: no status effects
A: hooves 1, yellow scales 1, spiny 2
a: Renounce Religion, Fiery Armour, Foxfire Swarm


You were on level 5 of the Dungeon.
You worshipped Ignis.
Ignis was extremely pleased with you.
You visited 1 branch of the dungeon, and saw 5 of its levels.

You collected 145 gold pieces.

Inventory:

Missiles
 e - 6 javelins
 k - 6 poisoned darts
 n - 15 stones
Armour
 a - a +0 robe
 g - a +0 ring mail (worn)
 h - a +0 tower shield (worn)
Jewellery
 r - a ring of resist corrosion (left hand)
Talismans
 d - a maw talisman
Wands
 s - a wand of charming (7)
Scrolls
 b - a scroll of enchant weapon {unknown}
 f - a scroll of fog {unknown}
 j - a scroll of identify {unknown}
 l - 2 scrolls of torment {unknown}
 m - a scroll of blinking {unknown}
 o - a scroll of noise {unknown}
 q - a scroll of fear {unknown}
Potions
 c - 3 potions of curing {unknown}
 i - 2 potions of enlightenment {unknown}
 p - a potion of heal wounds {unknown}
 t - a potion of attraction {unknown}


   Skills:
 - Level 3.2 Fighting
 - Level 2.9 Unarmed Combat
 - Level 1.0 Spellcasting
 - Level 2.6 Fire Magic
 + Level 6.7 Shapeshifting


You had 8 spell levels left.
You didn't know any spells.
Your spell library contained the following spells:

 Spells                   Type           Power      Damage    Failure   Level
 Scorch                   Fire           16%        2d5       98%         2
 Magic Dart               Conj           0%         1d3       100%        1
 Ensorcelled Hibernation  Hex/Ice        0%         N/A       100%        2
 Searing Ray              Conj           0%         2d4       100%        2
 Fugue of the Fallen      Necr           0%         N/A       100%        3
 Anguish                  Hex/Necr       0%         N/A       100%        4
 Fulminant Prism          Conj/Alch      0%         3d5       100%        4
 Haunt                    Necr/Summ      0%         N/A       100%        7
 Borgnjor's Revivificati  Necr           0%         N/A       100%        8
 Death's Door             Necr           0%         N/A       100%        9


Dungeon Overview and Level Annotations

Branches:
Dungeon (6/15)             Temple (0/1) D:6

Altars:
Ashenzari
Yredelemnul


Innate Abilities, Weirdness & Mutations

You have large cloven feet.
You are partially covered in yellow scales. (AC +2)
You are mostly covered in sharp spines.


Message History

The orc attacks as it pursues you! The orc hits you with a +0 club.
You take 4 damage, and have 35/52 hp.
The orc priest casts a cantrip, but nothing happens.
You hit the orc.
The orc is heavily wounded.
The orc is struck by your spines.
You kill the orc!
You see here a +0 club.
You hit the orc priest.
The orc priest is lightly wounded.
You block the orc priest's attack. You block the orc's attack.
You block the orc priest's attack. The orc barely misses you.
You hit the orc priest but do no damage.
You kick the orc priest, but do no damage.
The orc priest is lightly wounded.
You block the orc priest's attack. The orc hits you but does no damage.
The orc priest calls down the wrath of Beogh upon you.
Beogh smites you!
You take 11 damage, and have 26/52 hp.
MASSIVE DAMAGE!!
You hit the orc priest but do no damage.
You kick the orc priest.
The orc priest is moderately wounded.
You block the orc priest's attack. The orc hits you but does no damage.
You hit the orc priest.
You kick the orc priest, but do no damage.
The orc priest is heavily wounded.
The orc priest hits you with a +0 hand axe.
The orc hits you from afar with a +0 trident.
You block the orc priest's attack.
The orc hits you from afar with a +0 trident.
* * * LOW HITPOINT WARNING * * *
You take 15 damage, and have 11/52 hp.
MASSIVE DAMAGE!!
You completely miss the orc priest.
You kick the orc priest, but do no damage.
The orc priest is heavily wounded.
The orc priest begins to cast a cantrip, but forgets the words!
The orc hits you but does no damage.
The orc priest calls down the wrath of Beogh upon you.
Beogh smites you!
You die...

#.. #.# #.# #.# ### #.#
..[.?..####.####.# ####
.................#....#
...../..###.# ###..#
........#.#@# #^...#
..........#o# #.#....#
......#'#.#o# #.#
######### ......oo...o#
#.# #...... ##....o###
#.# #......
#.....######.#####......
#.###.......§#...+......
#.##...§≈≈≈≈.....#......
#....≈≈≈...≈§≈§..†......


You could see 2 orc priests and an orc.

Vanquished Creatures
  An ice beast (D:6)
  2 black bears
  A sky beast (D:6)
  Blork the orc (D:5)
  A jelly (D:5)
  3 hounds (D:6)
  2 bombardier beetles
  An iguana (D:6)
  Terence (D:2)
  A gnoll (D:1)
  An adder (D:2)
  2 dart slugs
  2 ribbon worms (D:2)
  3 orcs
  4 bats
  5 endoplasms
  3 goblins
  6 hobgoblins
  2 jackals (D:5)
  4 quokkas
  3 ball pythons
  A frilled lizard (D:2)
  2 kobolds (D:1)
  2 rats (D:1)
54 creatures vanquished.

Notes
Turn   | Place    | Note
-------+----------+-------------------------------------------
     0 | D:1      | jasper the Demonspawn Cinder Acolyte began the quest for
                  | the Orb.
     0 | D:1      | Reached XP level 1. HP: 18/18 MP: 2/2
   351 | D:1      | Gained mutation: You are partially covered in yellow
                  | scales. (AC +2) [demonic ancestry]
   351 | D:1      | Reached XP level 2. HP: 8/24 MP: 3/3
   458 | D:1      | Reached skill level 1 in Shapeshifting
   733 | D:1      | Gained mutation: You are partially covered in sharp spines.
                  | [demonic ancestry]
   733 | D:1      | Reached XP level 3. HP: 16/29 MP: 4/4
   880 | D:1      | Reached skill level 2 in Shapeshifting
  1049 | D:1      | Found a faded altar of an unknown god.
  1336 | D:2      | Noticed Terence
  1369 | D:2      | Killed Terence
  1370 | D:2      | Reached XP level 4. HP: 10/35 MP: 5/5
  1796 | D:2      | Reached skill level 3 in Shapeshifting
  1929 | D:3      | You fall into a shaft and drop 3 floors!
  1959 | D:6      | Found a staircase to the Ecumenical Temple.
  2007 | D:6      | Noticed a black bear
  2014 | D:6      | Killed a black bear
  2015 | D:6      | Reached skill level 4 in Shapeshifting
  2015 | D:6      | Gained mutation: You have large cloven feet. [demonic
                  | ancestry]
  2015 | D:6      | Reached XP level 5. HP: 38/41 MP: 6/6
  2015 | D:6      | Noticed a sky beast
  2022 | D:6      | Killed a sky beast
  2023 | D:6      | Reached XP level 6. HP: 39/47 MP: 7/7
  2073 | D:6      | Noticed an ice beast
  2079 | D:6      | Killed an ice beast
  2080 | D:6      | Reached skill level 5 in Shapeshifting
  2102 | D:6      | Noticed an orc warrior
  2111 | D:5      | Entered Level 5 of the Dungeon
  2217 | D:5      | Found a broken altar of Ashenzari.
  2221 | D:5      | Found a basalt altar of Yredelemnul.
  2232 | D:5      | Reached skill level 6 in Shapeshifting
  2232 | D:5      | Gained mutation: You are mostly covered in sharp spines.
                  | [demonic ancestry]
  2232 | D:5      | Reached XP level 7. HP: 52/52 MP: 8/8
  2311 | D:5      | Noticed Blork the orc
  2318 | D:5      | Killed Blork the orc
  2483 | D:5      | Killed from afar by an orc priest

Illustrated notes

Levels and vault maps discovered:
D:1:      wander_arrival_desolate, layout_basic, basic_ecumenical_altar,
          minmay_fountain_box
D:2:      layout_basic, uniq_terence
D:3:      layout_rooms, mainiacjoe_overflow_alcove_4, marbit_many_paths
D:5:      layout_basic, kennysheep_mini_moat,
          mainiacjoe_overflow_catch_the_wave, uniq_blork_the_orc, uniq_pikel
D:6:      layout_cave_pools, minmay_temple_entry_antechambers,
          nicolae_shop_sticking_my_neck_out, uniq_duvessa

Skill      XL: |  1  2  3  4  5  6 |
---------------+-------------------+-----
Shapeshifting  | 1 2 4 6 |  6.7
Fighting       | |  3.2
Unarmed Combat | |  2.9
Spellcasting   | |  1.0
Fire Magic     | |  2.6

Action                     |  1- 3 |  4- 6 |  7- 9 || total
---------------------------+-------+-------+-------++-------
  Melee: Unarmed           |    97 |    59 |    19 ||   175
         Punch             |     1 |       |       ||     1
         Kick              |       |     8 |     8 ||    16
 Invoke: Fiery Armour      |     2 |     1 |       ||     3
         Rising Flame      |       |     1 |       ||     1
 Armour: Robe              |    24 |       |       ||    24
         Ring mail         |    32 |    51 |    23 ||   106
  Dodge: Dodged            |    43 |    12 |     5 ||    60
  Block: Tower shield      |    30 |    36 |    15 ||    81

Table legend: (Time is in decaauts)
 A = Elapsed time spent in this place.
 B = Non-inter-level travel time spent in this place.
 C = Inter-level travel time spent in this place.
 D = Time resting spent in this place.
 E = Time spent auto-exploring this place.
 F = Levels seen in this place.
 G = Mean time per level.
                   A        B        C        D        E       F      G
               +--------+--------+--------+--------+--------+-----+--------+
         Total |   2523 |   2388 |    135 |    110 |   1723 |   5 |  504.6 |
       Dungeon |   2523 |   2388 |    135 |    110 |   1723 |   5 |  504.6 |
               +--------+--------+--------+--------+--------+-----+--------+

Top non-repeatable levels by time:
     D:1: 1244 daAuts
     D:2: 706 daAuts
     D:5: 380 daAuts
     D:6: 188 daAuts
     D:3: 3 daAuts
